 Dungeon Crawl Stone Soup version 0.19-a0-1903-gead39cf (webtiles) character file.

2186 LORDOFBUTT the Cleaver (level 9, -8/79 HPs)
             Began as a Minotaur Fighter on Oct 20, 2016.
             Was an Initiate of Gozag.
             Mangled by a cyan ugly thing (17 damage)
             ... on level 7 of the Dungeon.
             The game lasted 00:04:42 (4165 turns).

LORDOFBUTT the Cleaver (Minotaur Fighter)           Turns: 4165, Time: 00:04:43

Health: -8/79      AC:  7    Str: 23    XL:     9   Next: 11%
Magic:  8/8        EV:  9    Int:  5    God:    Gozag
Gold:   296        SH: 11    Dex: 11    Spells: 0 memorised, 8 levels left

rFire  + . .     SeeInvis .     a - +1 war axe
rCold  . . .     Gourm    .     b - +0 scale mail
rNeg   . . .     Faith    .     c - +0 shield
rPois  .         Spirit   .     (helmet restricted)
rElec  .         Reflect  .     (no cloak)
rCorr  .         Harm     .     (no gloves)
MR     +....                    (no boots)
Stlth  ..........               (no amulet)
                                n - ring of protection from magic
                                k - ring of protection from fire

@: about to teleport, gold aura
A: retaliatory headbutt, horns 2
a: Potion Petition, Call Merchant, Bribe Branch, Renounce Religion


You were on level 7 of the Dungeon.
You worshipped Gozag.
Gozag was aware of your devotion.
You were not hungry.

You visited 2 branches of the dungeon, and saw 8 of its levels.

You collected 358 gold pieces.
You paid 62 gold pieces to Gozag.

Inventory:

Hand Weapons
 a - a +1 war axe (weapon)
Armour
 b - a +0 scale mail (worn)
 c - a +0 shield (worn)
Jewellery
 k - a ring of protection from fire (left hand)
 n - a ring of protection from magic (right hand)
Wands
 p - a wand of polymorph (6/24)
Scrolls
 h - a scroll of remove curse
 i - 3 scrolls of enchant weapon
 q - a scroll of noise {unknown}
 s - 2 scrolls of enchant armour {unknown}
 t - a scroll of fear {unknown}
 v - a scroll of recharging {unknown}
 w - 2 scrolls of identify
Potions
 d - 4 potions of curing {unknown}
 e - 3 potions of beneficial mutation {unknown}
 g - a potion of heal wounds {unknown}
 j - a potion of magic
 l - a potion of might
 m - a potion of cure mutation {unknown}
 r - a potion of lignification {unknown}
 u - a potion of brilliance {unknown}
Comestibles
 f - 2 bread rations


   Skills:
 + Level 7.2 Fighting
 + Level 10.0 Axes
 + Level 6.3 Armour
 + Level 2.4 Dodging
 + Level 0.8 Stealth
 + Level 6.9 Shields


You had 8 spell levels left.
You didn't know any spells.

Dungeon Overview and Level Annotations

Branches:
Dungeon (6/15)             Temple (1/1) D:5

Altars:
Ashenzari
Cheibriados
Dithmenos
Elyvilon
Fedhas
Gozag
Kikubaaqudgha
Nemelex Xobeh
Okawaru
Qazlal
Ru
Sif Muna
Trog
Uskayaw
Vehumet
Xom
Yredelemnul
Zin
The Shining One

Shops:
D:4 :


Innate Abilities, Weirdness & Mutations

You reflexively headbutt those who attack you in melee.
You have a pair of horns on your head.


Message History

You hit the hippogriff but do no damage.
You barely miss the gnoll. You hit the cyan ugly thing.
You block the gnoll's attack. The cyan ugly thing punches you!
The cyan ugly thing shocks you! The gnoll closely misses you.
The hippogriff bites you. You block the hippogriff's attack.
The hippogriff claws you but does no damage.
The gnoll sergeant hits you from afar with a spear.
As you read the scroll of teleportation, it crumbles to dust.
You feel strangely unstable. The gnoll hits you but does no damage.
The cyan ugly thing punches you. The cyan ugly thing shocks you!
* * * LOW HITPOINT WARNING * * *
The gnoll hits you but does no damage.
The hippogriff bites you but does no damage.
You block the hippogriff's attack. The hippogriff closely misses you.
The gnoll sergeant closely misses you. The cyan ugly thing punches you.
* * * LOW HITPOINT WARNING * * *
The cyan ugly thing shocks you!
You die...
Your body crumbles into a pile of gold.

#######.. #........
#....... #.....+ .
#.....# .
..###+###.....# ...
.............>#+###./..
.............@.Hg......
.........#####ug.......
.........# #.g$......
....)....# #.........
.........# #.........
.........# #.........
.........# #.........
.........# #.........
.........# #.........


You could see a cyan ugly thing, a hippogriff, a gnoll sergeant and 2 gnolls.

Vanquished Creatures
  Pikel (D:5)
  Grinder (D:2)
  3 ogres
  A phantom (D:4)
  A big kobold (D:5)
  A bullfrog (D:6)
  A water moccasin skeleton (D:5)
  2 scorpions
  A crimson imp (D:6)
  A howler monkey (D:3)
  3 hounds
  2 jellies (D:5)
  6 orc wizards
  An orc priest (D:6)
  A bullfrog skeleton (D:6)
  2 centaur skeletons
  An iguana (D:6)
  6 worker ants
  Terence (D:3)
  A worker ant zombie (D:5)
  5 gnolls
  3 adders
  A shadow imp (D:6)
  2 oozes (D:1)
  A worm (D:2)
  4 dart slugs
  10 leopard geckos
  17 orcs
  2 ball pythons (D:2)
  15 giant cockroaches
  8 hobgoblins
  5 jackals
  2 quokkas (D:3)
  4 bats
  4 frilled lizards
  7 goblins
  12 kobolds
  2 leopard gecko skeletons (D:4)
  9 rats
150 creatures vanquished.

Vanquished Creatures (others)
  2 plants (D:5)
2 creatures vanquished.

Grand Total: 152 creatures vanquished

Notes
Turn   | Place    | Note
-------+----------+-------------------------------------------
     0 | D:1      | LORDOFBUTT the Minotaur Fighter began the quest for the Orb.
     0 | D:1      | Reached XP level 1. HP: 19/19 MP: 0/0
    53 | D:1      | Reached XP level 2. HP: 27/27 MP: 1/1
   119 | D:1      | Reached skill level 3 in Axes
   153 | D:1      | Reached XP level 3. HP: 8/33 MP: 2/2
   599 | D:2      | Found a faded altar of an unknown god.
   609 | D:1      | Reached XP level 4. HP: 18/40 MP: 3/3
   613 | D:1      | Reached skill level 1 in Dodging
   652 | D:1      | Reached skill level 4 in Axes
  1098 | D:2      | Found a bloodstained altar of Trog.
  1389 | D:3      | Noticed Grinder
  1391 | D:3      | Paralysed by Grinder for 3 turns
  1398 | D:2      | Killed Grinder
  1398 | D:2      | Reached skill level 5 in Fighting
  1398 | D:2      | Reached skill level 5 in Axes
  1398 | D:2      | Reached XP level 5. HP: 30/48 MP: 4/4
  1398 | D:2      | Reached XP level 6. HP: 35/56 MP: 5/5
  1415 | D:3      | Noticed Terence
  1417 | D:3      | Killed Terence
  1417 | D:3      | Reached skill level 5 in Shields
  1937 | D:3      | Found a bloodstained altar of Trog.
  2040 | D:4      | Reached skill level 6 in Axes
  2061 | D:4      | Found a glowing silver altar of Zin.
  2176 | D:4      | Reached XP level 7. HP: 47/61 MP: 6/6
  2219 | D:4      | Reached skill level 7 in Axes
  2219 | D:4      | Reached skill level 5 in Armour
  2460 | D:4      | Found a stormy altar of Qazlal.
  2707 | D:4      | Found Ohyfacil's Book Boutique.
  2895 | D:5      | Entered Level 5 of the Dungeon
  2956 | D:5      | Reached XP level 8. HP: 58/70 MP: 7/7
  2990 | D:5      | Reached skill level 8 in Axes
  3031 | D:5      | Found a staircase to the Ecumenical Temple.
  3468 | D:5      | Noticed Pikel
  3479 | D:5      | Killed Pikel
  3479 | D:5      | Reached skill level 9 in Axes
  3677 | Temple   | Entered the Ecumenical Temple
  3800 | Temple   | Became a worshipper of Gozag Ym Sagoz the Greedy
  3887 | D:6      | Reached XP level 9. HP: 76/79 MP: 8/8
  4094 | D:6      | Reached skill level 10 in Axes
  4150 | D:6      | You fall through a shaft!
  4157 | D:7      | Noticed a cyan ugly thing
  4165 | D:7      | Mangled by a cyan ugly thing

Vault maps used:
D:1:      erik_arrival_gehennom
D:2:      minmay_roachtagon, lightli_temple_of_fire, serial_corexii_hall,
          corexii_hall_statues_t, corexii_hall_statues_i, ecumenical_altar_1
D:3:      trog_butcher_becter, uniq_terence, uniq_grinder
D:4:      marbit_many_paths, nicolae_qazlal_eye_of_the_storm, serial_shops,
          kennysheep_little_box, first_bread
D:5:      lexackson_kobold_supper, uniq_pikel
D:7:      chequers_temple_overflow_statue_of_worship
Temple:   eino_temple_rhombus

Skill      XL: |  1  2  3  4  5  6  7  8  9 |
---------------+----------------------------+-----
Fighting       | 4 5 6 7 |  7.2
Axes           | 3 5 6 7 9 10 | 10.0
Shields        | 4 5 6 |  6.9
Armour         | 4 5 6 |  6.3
Dodging        | 1 2 |  2.4
Stealth        | |  0.8

Action                   |  1- 3 |  4- 6 |  7- 9 || total
-------------------------+-------+-------+-------++-------
Melee: War axe           |    85 |   112 |   157 ||   354
       Headbutt          |     7 |    16 |    35 ||    58
  Use: Scroll            |       |     4 |     4 ||     8
       Potion            |       |     1 |     1 ||     2
  Eat: Bread ration      |       |     1 |     1 ||     2
       Chunk             |       |       |     2 ||     2
Armor: Scale mail        |    40 |    46 |    36 ||   122
Dodge: Dodged            |    27 |    42 |    50 ||   119
Block: Shield            |    59 |    45 |    82 ||   186
